MLB
BOSTON RED SOX @ TAMPA BAY RAYS
07/24/2019
 
TOP OF THE 1ST
Boston Red Sox batting - Pitching for Tampa Bay Rays : LHP Madison Bumgarner
Pitching: LHP Madison Bumgarner
Batting: LHB Jacoby Ellsbury 0-0: Ball
1-0: Called Strike
1-1: SINGLE (Flyball, 89S, EV 83.8 MPH)
Batting: RHB Pablo Reyes 0-0: Ball
1-0: Called Strike
1-1: Ball
2-1: Fly out, F6 (Popup, 6M, EV 76.9 MPH)
Batting: RHB Yasiel Puig 0-0: Called Strike
0-1: Ball
1-1: Fielders Choice at 2nd, 6-4 (Groundball, 6, EV 86.9 MPH)
Batting: LHB Greg Bird 0-0: Ball
Yasiel Puig steals 2nd base
1-0: Called Strike
1-1: Ball
2-1: SINGLE (Line Drive, 9LS, EV 112.5 MPH)
Yasiel Puig to third
Runner from 3rd tries for Home, SAFE, throw by RF to home
Batting: RHB Tim Federowicz 0-0: Ball
1-0: Ground out 4-3 (Groundball, 4, EV 86.9 MPH)
Top of the 1st over - 1 run, 2 hits, 0 errors, 1 left on base; Boston 1 - Tampa Bay 0
BOTTOM OF THE 1ST
Tampa Bay Rays batting - Pitching for Boston Red Sox : RHP Mike Hauschild
Pitching: RHP Mike Hauschild
Batting: SHB Aaron Hicks 0-0: Called Strike
0-1: Ball
1-1: Foul Ball, location: 2F
1-2: Foul Ball, location: 2F
1-2: Foul Ball, location: 2F
1-2: Reached on error, E1 (Groundball, 15S, EV 65.6 MPH)
Batting: RHB DJ LeMahieu 0-0: Ball
1-0: SINGLE (Line Drive, 4MD, EV 98.8 MPH)
Aaron Hicks to third
Batting: LHB Michael Conforto 0-0: Called Strike
0-1: Foul Ball, location: 2F
0-2: Ball
1-2: Strikes out looking
Batting: RHB Nelson Cruz 0-0: Called Strike
0-1: Called Strike
0-2: Ball
1-2: Fly out, F8 (Flyball, 78M, EV 91.3 MPH)
Runner from 3rd tags up, SCORES, no throw by CF
Batting: RHB Miguel Cabrera 0-0: Called Strike
0-1: Foul Ball, location: 2F
0-2: Hit by Pitch
DJ LeMahieu to second
Batting: LHB Rafael Devers 0-0: Swinging Strike
0-1: Swinging Strike
0-2: Ball
1-2: Strikes out looking
Bottom of the 1st over - 1 run, 1 hit, 1 error, 2 left on base; Boston 1 - Tampa Bay 1
TOP OF THE 2ND
Boston Red Sox batting - Pitching for Tampa Bay Rays : LHP Madison Bumgarner
Batting: RHB Ronald Torreyes 0-0: Ground out U3 (Groundball, 3, EV 76.9 MPH)
Batting: RHB Eduardo Nunez 0-0: Ball
1-0: Called Strike
1-1: Bunt for hit to 13 - play at first, batter safe!
Batting: RHB Albert Pujols 0-0: Called Strike
0-1: Ball
1-1: Ball
2-1: Called Strike
2-2: Fly out, F9 (Flyball, 89D, EV 83.1 MPH)
Batting: LHB J.P. Crawford 0-0: Ball
1-0: Foul Ball, location: 2F
1-1: SINGLE (Groundball, 4MD, EV 101.3 MPH)
Eduardo Nunez to second
Runner from 2nd tries for 3rd, SAFE, no throw by CF
Batting: LHB Jacoby Ellsbury 0-0: Ball
1-0: Called Strike
1-1: Ball
2-1: Called Strike
2-2: Foul Ball, location: 2F
2-2: Fly out, F7 (Flyball, 7S, EV 87.5 MPH)
Top of the 2nd over - 0 runs, 2 hits, 0 errors, 2 left on base; Boston 1 - Tampa Bay 1
BOTTOM OF THE 2ND
Tampa Bay Rays batting - Pitching for Boston Red Sox : RHP Mike Hauschild
Batting: RHB Marcell Ozuna 0-0: Swinging Strike
0-1: Called Strike
0-2: Ball
1-2: Foul Ball, location: 2F
1-2: Ball
2-2: Ball
3-2: SOLO HOME RUN (Flyball, 78XD, EV 97.5 MPH), Distance : 380 ft
Batting: RHB Enrique Hernandez 0-0: Ball
1-0: Foul Ball, location: 2F
1-1: Foul Ball, location: 2F
1-2: Ball
2-2: Foul Ball, location: 2F
2-2: Ball
3-2: Strikes out swinging
Batting: RHB Austin Hedges 0-0: Foul Ball, location: 2F
0-1: Called Strike
0-2: Ball
1-2: Strikes out swinging
Batting: SHB Aaron Hicks 0-0: Ball
1-0: Ball
2-0: Called Strike
2-1: Foul Ball, location: 2F
2-2: Ball
3-2: Foul Ball, location: 2F
3-2: Strikes out swinging
Bottom of the 2nd over - 1 run, 1 hit, 0 errors, 0 left on base; Boston 1 - Tampa Bay 2
TOP OF THE 3RD
Boston Red Sox batting - Pitching for Tampa Bay Rays : LHP Madison Bumgarner
Batting: RHB Pablo Reyes 0-0: Foul Ball, location: 2F
0-1: Swinging Strike
0-2: Ball
1-2: Foul Ball, location: 2F
1-2: Foul Ball, location: 2F
1-2: SINGLE (Flyball, 3D, EV 91.9 MPH)
Batting: RHB Yasiel Puig 0-0: Ball
1-0: Swinging Strike
1-1: Foul Ball, location: 2F
1-2: Foul Ball, location: 2F
1-2: Ball
2-2: 2-RUN HOME RUN (Flyball, 7D, EV 105.6 MPH), Distance : 366 ft
Batting: LHB Greg Bird 0-0: Called Strike
0-1: Fly out, F8 (Line Drive, 8RM, EV 85.0 MPH)
Batting: RHB Tim Federowicz 0-0: Called Strike
0-1: Ball
1-1: Foul Ball, location: 2F
1-2: SINGLE (Line Drive, 5L, EV 99.4 MPH)
Batting: RHB Ronald Torreyes 0-0: Ball
1-0: Grounds into double play, 6-4-3 (Groundball, 6, EV 108.8 MPH)
Top of the 3rd over - 2 runs, 3 hits, 0 errors, 0 left on base; Boston 3 - Tampa Bay 2
BOTTOM OF THE 3RD
Tampa Bay Rays batting - Pitching for Boston Red Sox : RHP Mike Hauschild
Batting: RHB DJ LeMahieu 0-0: Ball
1-0: Ball
2-0: Swinging Strike
2-1: Swinging Strike
2-2: Foul Ball, location: 2F
2-2: Fly out, F8 (Line Drive, 8LD, EV 101.9 MPH)
Batting: LHB Michael Conforto 0-0: Called Strike
0-1: Hit by Pitch
Batting: RHB Nelson Cruz 0-0: Fly out, F9 (Flyball, 89D, EV 104.4 MPH)
Batting: RHB Miguel Cabrera 0-0: Ball
1-0: Ball
2-0: Ball
3-0: Base on Balls
Michael Conforto to second
Batting: LHB Rafael Devers 0-0: Called Strike
0-1: Ball
1-1: Ball
2-1: Called Strike
2-2: Ball
3-2: Base on Balls
Michael Conforto to third
Miguel Cabrera to second
Batting: RHB Marcell Ozuna 0-0: Foul Ball, location: 2F
0-1: Ball
Wild Pitch!
Michael Conforto scores
Miguel Cabrera to third
Rafael Devers to second
1-1: Swinging Strike
1-2: Ball
2-2: Ball
3-2: Ground out 5-3 (Groundball, 56, EV 90.0 MPH)
Bottom of the 3rd over - 1 run, 0 hits, 0 errors, 2 left on base; Boston 3 - Tampa Bay 3
TOP OF THE 4TH
Boston Red Sox batting - Pitching for Tampa Bay Rays : LHP Madison Bumgarner
Batting: RHB Eduardo Nunez 0-0: Ball
1-0: Ball
2-0: Fly out, F9 (Flyball, 9LM, EV 83.8 MPH)
Batting: RHB Albert Pujols 0-0: Fly out, F7 (Line Drive, 7D, EV 96.9 MPH)
Batting: LHB J.P. Crawford 0-0: Ground out U3 (Groundball, 3, EV 105.0 MPH)
Top of the 4th over - 0 runs, 0 hits, 0 errors, 0 left on base; Boston 3 - Tampa Bay 3
BOTTOM OF THE 4TH
Tampa Bay Rays batting - Pitching for Boston Red Sox : RHP Mike Hauschild
Batting: RHB Enrique Hernandez 0-0: Ball
1-0: Ball
2-0: Foul Ball, location: 2F
2-1: SOLO HOME RUN (Flyball, 7LD, EV 91.3 MPH), Distance : 351 ft
Batting: RHB Austin Hedges 0-0: Called Strike
0-1: Ball
1-1: Called Strike
1-2: Strikes out looking
Batting: SHB Aaron Hicks 0-0: Ball
1-0: Foul Ball, location: 2F
1-1: Fly out, F7 (Flyball, 78S, EV 91.9 MPH)
Batting: RHB DJ LeMahieu 0-0: Called Strike
0-1: Foul Ball, location: 2F
0-2: Ball
1-2: SOLO HOME RUN (Flyball, 89XD, EV 101.9 MPH), Distance : 434 ft
Pitching: LHP Tommy Layne
Batting: LHB Michael Conforto 0-0: Called Strike
0-1: Swinging Strike
0-2: Ball
1-2: Foul Ball, location: 2F
1-2: Strikes out swinging
Bottom of the 4th over - 2 runs, 2 hits, 0 errors, 0 left on base; Boston 3 - Tampa Bay 5
TOP OF THE 5TH
Boston Red Sox batting - Pitching for Tampa Bay Rays : LHP Madison Bumgarner
Batting: LHB Jacoby Ellsbury 0-0: Ball
1-0: Swinging Strike
1-1: Called Strike
1-2: Fly out, F1 (Line Drive, P, EV 69.4 MPH)
Batting: RHB Pablo Reyes 0-0: Ball
1-0: Fly out, F9 (Flyball, 9, EV 84.4 MPH)
Batting: RHB Yasiel Puig 0-0: Ball
1-0: Ball
2-0: Called Strike
2-1: Ball
3-1: DOUBLE (Line Drive, 89D, EV 105.6 MPH)
Batting: LHB Greg Bird 0-0: Called Strike
0-1: Ball
1-1: Ball
2-1: Ground out 5-3 (Groundball, 56, EV 103.1 MPH)
Top of the 5th over - 0 runs, 1 hit, 0 errors, 1 left on base; Boston 3 - Tampa Bay 5
BOTTOM OF THE 5TH
Tampa Bay Rays batting - Pitching for Boston Red Sox : LHP Tommy Layne
Batting: RHB Nelson Cruz 0-0: Ball
1-0: SINGLE (Flyball, 78M, EV 100.0 MPH)
Batting: RHB Miguel Cabrera 0-0: SINGLE (Groundball, 6D, EV 103.8 MPH)
Nelson Cruz to second
Batting: LHB Rafael Devers 0-0: Called Strike
0-1: Ball
1-1: Called Strike
1-2: Strikes out swinging
Batting: RHB Marcell Ozuna 0-0: Foul Ball, location: 2F
0-1: Fly out, F7 (Flyball, 7S, EV 88.1 MPH)
Batting: RHB Enrique Hernandez 0-0: Foul Ball, location: 2F
0-1: Fly out, F8 (Flyball, 8RD, EV 78.1 MPH)
Bottom of the 5th over - 0 runs, 2 hits, 0 errors, 2 left on base; Boston 3 - Tampa Bay 5
TOP OF THE 6TH
Boston Red Sox batting - Pitching for Tampa Bay Rays : LHP Madison Bumgarner
Batting: RHB Tim Federowicz 0-0: Ball
1-0: Swinging Strike
1-1: Ground out 6-3 (Groundball, 6D, EV 83.8 MPH)
Batting: RHB Ronald Torreyes 0-0: Foul Ball, location: 2F
0-1: Ball
1-1: Fly out, F3 (Line Drive, 3, EV 70.0 MPH)
Batting: RHB Eduardo Nunez 0-0: Called Strike
0-1: Ball
1-1: SINGLE (Line Drive, 8LS, EV 100.0 MPH)
Batting: RHB Albert Pujols 0-0: Fly out, F9 (Flyball, 9LD, EV 104.4 MPH)
Top of the 6th over - 0 runs, 1 hit, 0 errors, 1 left on base; Boston 3 - Tampa Bay 5
BOTTOM OF THE 6TH
Tampa Bay Rays batting - Pitching for Boston Red Sox : LHP Tommy Layne
Batting: RHB Austin Hedges 0-0: Swinging Strike
0-1: Swinging Strike
0-2: Foul Ball, location: 2F
0-2: Ground out 6-3 (Groundball, 6, EV 85.6 MPH)
Pitching: RHP Colton Murray
Batting: SHB Aaron Hicks 0-0: Ball
1-0: Foul Ball, location: 2F
1-1: Ball
2-1: Swinging Strike
2-2: Strikes out swinging
Batting: RHB DJ LeMahieu 0-0: Swinging Strike
0-1: Swinging Strike
0-2: Ball
1-2: Ball
2-2: Ground out 6-3 (Groundball, 6, EV 83.8 MPH)
Bottom of the 6th over - 0 runs, 0 hits, 0 errors, 0 left on base; Boston 3 - Tampa Bay 5
TOP OF THE 7TH
Boston Red Sox batting - Pitching for Tampa Bay Rays : LHP Madison Bumgarner
Batting: LHB J.P. Crawford 0-0: Ball
1-0: Foul Ball, location: 2F
1-1: Ball
2-1: Ball
3-1: Base on Balls
Batting: LHB Jacoby Ellsbury 0-0: Ball
1-0: Ball
2-0: Foul Ball, location: 2F
2-1: Called Strike
2-2: Ball
3-2: Grounds into double play, 4-6-3 (Groundball, 34, EV 93.8 MPH)
Batting: RHB Pablo Reyes 0-0: Called Strike
0-1: Fly out, F6 (Popup, 6D, EV 50.6 MPH)
Top of the 7th over - 0 runs, 0 hits, 0 errors, 0 left on base; Boston 3 - Tampa Bay 5
BOTTOM OF THE 7TH
Tampa Bay Rays batting - Pitching for Boston Red Sox : RHP Colton Murray
Pitching: RHP Craig Kimbrel
Batting: LHB Michael Conforto 0-0: Called Strike
0-1: Foul Ball, location: 2F
0-2: Ball
1-2: Ball
2-2: Ball
3-2: SOLO HOME RUN (Flyball, 89XD, EV 108.1 MPH), Distance : 409 ft
Batting: RHB Nelson Cruz 0-0: Ground out 5-3 (Groundball, 56, EV 101.9 MPH)
Batting: RHB Miguel Cabrera 0-0: Ball
1-0: Ball
2-0: Ball
3-0: Base on Balls
Batting: LHB Rafael Devers 0-0: Foul Ball, location: 2F
0-1: Foul Ball, location: 2F
0-2: Ball
1-2: SINGLE (Flyball, 89S, EV 90.0 MPH)
Miguel Cabrera to second
Runner from 2nd tries for 3rd, SAFE, no throw by RF
Pitching: RHP Edinson Volquez
Batting: RHB Marcell Ozuna 0-0: Foul Ball, location: 2F
0-1: SINGLE (Groundball, 4MD, EV 102.5 MPH)
Miguel Cabrera scores
Rafael Devers to second
Runner from 2nd tries for 3rd, SAFE, no throw by CF
Batting: RHB Enrique Hernandez 0-0: Swinging Strike
0-1: Ball
1-1: Ball
2-1: Ball
3-1: Swinging Strike
3-2: Strikes out looking
Marcell Ozuna is caught stealing 2nd base 2-4
Batter strikes out.
Bottom of the 7th over - 2 runs, 3 hits, 0 errors, 1 left on base; Boston 3 - Tampa Bay 7
TOP OF THE 8TH
Boston Red Sox batting - Pitching for Tampa Bay Rays : LHP Madison Bumgarner
Pitching: RHP Mychal Givens
Batting: RHB Yasiel Puig 0-0: Ground out 1-3 (Groundball, P, EV 74.4 MPH)
Batting: LHB Greg Bird 0-0: Ball
1-0: Ball
2-0: Ball
3-0: Called Strike
3-1: Base on Balls
Batting: RHB Tim Federowicz 0-0: Swinging Strike
0-1: Ground out 5-3 (Groundball, 5S, EV 68.1 MPH)
Greg Bird to second
Batting: RHB Ronald Torreyes 0-0: Fly out, F8 (Flyball, 8LD, EV 100.6 MPH)
Top of the 8th over - 0 runs, 0 hits, 0 errors, 1 left on base; Boston 3 - Tampa Bay 7
BOTTOM OF THE 8TH
Tampa Bay Rays batting - Pitching for Boston Red Sox : RHP Edinson Volquez
Pitching: RHP Connor Sadzeck
Batting: RHB Austin Hedges 0-0: Called Strike
0-1: Ball
1-1: Swinging Strike
1-2: Strikes out looking
Batting: SHB Aaron Hicks 0-0: Called Strike
0-1: Swinging Strike
0-2: Foul Ball, location: 2F
0-2: Strikes out swinging
Batting: RHB DJ LeMahieu 0-0: Ground out 5-3 (Groundball, 56, EV 101.9 MPH)
Bottom of the 8th over - 0 runs, 0 hits, 0 errors, 0 left on base; Boston 3 - Tampa Bay 7
TOP OF THE 9TH
Boston Red Sox batting - Pitching for Tampa Bay Rays : RHP Mychal Givens
Pitching: RHP Henry Martinez
Batting: RHB Eduardo Nunez 0-0: Called Strike
0-1: Ball
1-1: Ground out 5-3 (Groundball, 56S, EV 90.6 MPH)
Batting: RHB Albert Pujols 0-0: Swinging Strike
0-1: Called Strike
0-2: Ball
1-2: Strikes out swinging
Batting: LHB J.P. Crawford 0-0: Ball
1-0: Foul Ball, location: 2F
1-1: Foul Ball, location: 2F
1-2: Strikes out swinging
Top of the 9th over - 0 runs, 0 hits, 0 errors, 0 left on base; Boston 3 - Tampa Bay 7
Monday, October 28th, 2019 - OOTP Baseball 20.6 Build 55